AoeStats
← pinyouli

Arena

503828708Analyzed
1v1 RM · 1mo ago on Sep 2, 2026· 36m 34s· 2 players
Game mode
Random Map
Map size
Tiny (2 player)
Population
200
Speed
Normal
Resources
Standard
Victory
Conquest
Starting age
Dark Age
Ending age
Imperial Age
RankedLock teamsTeams togetherTeam positionsShared explorationLock speedFull tech treeHidden civsTurbo modeCheats
Victory
Defeat
🇪🇸 Spanish · Spain
899
+13
🇹🇼 Huns · Taiwan
826
-34
Rediterian
11:21 Feudal Age
11:49 Loom
12:59 Double-Bit Axe
17:26 Castle Age
16:01 Stone Mining
26:12 Redemption
34:38 Imperial Age
32:23 Fletching
32:58 Ballistics
33:51 Masonry
pinyouli
1:38 Loom
11:22 Feudal Age
12:46 Man-at-Arms
22:16 Forging
22:19 Padded Archer Armor
23:01 Scale Barding Armor
25:58 Castle Age
24:16 Double-Bit Axe
24:55 Fletching
26:35 Scale Mail Armor
28:49 Iron Casting
28:35 Chain Barding Armor
28:30 Chain Mail Armor
27:57 Elite Skirmisher
Connection lost

Rejoining the realm…

Still unreachable

The connection could not be restored.

Session expired

The server has moved on; the page needs a fresh start.